 Dungeon Crawl Stone Soup version 0.22.0-49-gab54619674 (webtiles) character file.

217773 monitor4703 the Slayer (level 18, -1/188 HPs)
             Began as a Minotaur Fighter on Sept 5, 2018.
             Was the Champion of Okawaru.
             Slain by a ghost moth (6 damage)
             ... on level 4 of the Spider Nest.
             The game lasted 02:41:40 (41821 turns).

monitor4703 the Slayer (Minotaur Fighter)          Turns: 41821, Time: 02:41:40

Health: -1/188     AC: 23    Str: 36 (38) XL:     18   Next: 39%
Magic:  0/22       EV:  7    Int:  8 (14) God:    Okawaru [******]
Gold:   2891       SH: 30    Dex:  5 (11) Spells: 17/17 levels left

rFire    . . .     SeeInvis .   F - +3 demon trident (flame)
rCold    . . .     Gourm    .   z - +1 large shield {AC+3}
rNeg     . . .     Faith    .   q - +0 plate armour
rPois    .         Spirit   .   c - +1 hat "Myreg" {Str+3 Int+9}
rElec    .         Reflect  +   x - +1 cloak {MR+}
rCorr    .         Harm     .   I - +0 pair of gloves {Str+3}
MR       ++...                  g - +0 pair of boots {Fly}
Stlth    ..........             s - +4 amulet of reflection
HPRegen  0.41/turn              L - +3 ring of slaying
MPRegen  0.18/turn              S - +4 ring of strength

@: lethally poisoned (-1 -> -44), flying, slowed, lost intelligence, studying
Throwing, very slow
A: retaliatory headbutt, horns 2
}: 1/15 runes: barnacled
a: Heroism, Finesse, Renounce Religion, Stop Flying


You were on level 4 of the Spider Nest.
You worshipped Okawaru.
Okawaru was exalted by your worship.
You were not hungry.

You visited 5 branches of the dungeon, and saw 31 of its levels.

You collected 2940 gold pieces.
You spent 49 gold pieces at shops.

Inventory:

Hand Weapons
 E - a +1 demon trident of pain
 F - a +3 demon trident of flaming (weapon)
Armour
 c - the +1 hat "Myreg" (worn) {Str+3 Int+9}
   (Okawaru gifted it to you on level 1 of the Shoals)

   It affects your strength (+3).
   It affects your intelligence (+9).
 g - a +0 pair of boots of flying (worn)
 q - a +0 plate armour (worn)
 x - a +1 cloak of magic resistance (worn)
 z - a +1 large shield of protection (worn)
 I - a +0 pair of gloves of strength (worn)
Jewellery
 l - an uncursed amulet of guardian spirit
 s - a +4 amulet of reflection (around neck)
 D - an uncursed amulet of the acrobat
 L - a +3 ring of slaying (left hand)
 M - an uncursed amulet of harm
 S - a +4 ring of strength (right hand)
Wands
 a - a wand of digging (40)
 t - a wand of iceblast (17)
 y - a wand of random effects (143)
 A - a wand of paralysis (16)
 Q - a wand of acid (15)
 R - a wand of flame (23)
Scrolls
 h - 15 scrolls of teleportation
 m - 2 scrolls of blinking
 n - 23 scrolls of remove curse
 p - 4 scrolls of magic mapping
 C - 3 scrolls of silence
 G - 2 scrolls of enchant weapon
 J - a scroll of fear
 K - 5 scrolls of fog
Potions
 b - 2 potions of resistance
 d - 4 potions of might
 e - a potion of cancellation
 i - a potion of brilliance
 j - a potion of invisibility
 k - 4 potions of haste
 o - a potion of lignification
 r - a potion of agility
 u - 2 potions of curing
 B - 8 potions of flight
 H - 2 potions of ambrosia
 O - a potion of magic {unknown}
Books
 v - a manual of Throwing
Comestibles
 f - 31 rations
 N - 7 chunks of flesh


   Skills:
 + Level 23.3 Fighting
 + Level 15.7 Polearms
 - Level 10.0 Armour
 * Level 21.4 Shields
 - Level 7.0 Invocations
 - Level 5.5 Evocations


You had 17 spell levels left.
You didn't know any spells.
Your spell library contained the following spells:

 Spells                   Type           Power        Failure   Level  Hunger
 Freeze                   Ice            #...         98%         1    ##.....
 Magic Dart               Conj           #...         98%         1    ##.....
 Sandblast                Erth           #.....       98%         1    ##.....
 Shock                    Conj/Air       #...         98%         1    ##.....
 Summon Butterflies       Summ           #.......     98%         1    ##.....
 Summon Small Mammal      Summ           #...         98%         1    ##.....
 Blink                    Tloc           N/A          99%         2    ###....
 Call Imp                 Summ           #.......     99%         2    ###....
 Corpse Rot               Necr           N/A          99%         2    ###....
 Passwall                 Tmut/Erth      #.......     99%         2    ###....
 Slow                     Hex            #.......     99%         2    ###....
 Swiftness                Chrm/Air       #.......     99%         2    ###....
 Throw Frost              Conj/Ice       #.....       99%         2    ###....
 Call Canine Familiar     Summ           #.......     100%        3    ####...
 Conjure Flame            Conj/Fire      #.......     100%        3    ####...
 Ignite Poison            Fire/Tmut/Pois #.......     100%        3    ####...
 Mephitic Cloud           Conj/Pois/Air  #.......     100%        3    ####...
 Ozocubu's Armour         Chrm/Ice       #.......     100%        3    ####...
 Recall                   Summ/Tloc      N/A          100%        3    ####...
 Spider Form              Tmut/Pois      #.........   100%        3    ####...
 Static Discharge         Conj/Air       #.......     100%        3    ####...
 Stone Arrow              Conj/Erth      #.....       100%        3    ####...
 Summon Guardian Golem    Hex/Summ       #.......     100%        3    ####...
 Airstrike                Air            #.........   100%        4    #####..
 Animate Dead             Necr           N/A          100%        4    #####..
 Leda's Liquefaction      Hex/Erth       #.........   100%        4    #####..
 Olgreb's Toxic Radiance  Pois           #.......     100%        4    #####..
 Petrify                  Tmut/Erth      #.......     100%        4    #####..
 Summon Ice Beast         Ice/Summ       #.......     100%        4    #####..
 Summon Lightning Spire   Summ/Air       #.......     100%        4    #####..
 Throw Icicle             Conj/Ice       #.......     100%        4    #####..
 Borgnjor's Vile Clutch   Necr/Erth      #.........   100%        5    ######.
 Fireball                 Conj/Fire      #.........   100%        5    ######.
 Lee's Rapid Deconstruct  Erth           #.........   100%        5    ######.
 Lightning Bolt           Conj/Air       #.........   100%        5    ######.
 Summon Forest            Summ/Tloc      #.........   100%        5    ######.
 Summon Mana Viper        Hex/Summ       #.......     100%        5    ######.
 Venom Bolt               Conj/Pois      #.........   100%        5    ######.
 Bolt of Fire             Conj/Fire      #.........   100%        6    #######
 Death Channel            Necr           #.........   100%        6    #######
 Hydra Form               Tmut           #.........   100%        6    #######
 Simulacrum               Ice/Necr       #.........   100%        6    #######
 Ring of Flames           Chrm/Fire      #.........   100%        7    #######
 Summon Hydra             Summ           #.........   100%        7    #######
 Ignition                 Fire           #.........   100%        8    #######


Dungeon Overview and Level Annotations

Branches:
Dungeon (15/15)            Temple (0/1) D:5            Lair (6/6) D:9
 Shoals (4/4) Lair:2       Spider (4/4) Lair:3        Slime (0/5) Lair:5
    Orc (2/2) D:11            Elf (0/3) Orc:2        Vaults (0/5) D:13
 Depths (0/5) D:15

Altars:
Cheibriados
Dithmenos
Elyvilon
Fedhas
Gozag
Hepliaklqana
Makhleb
Nemelex Xobeh
Okawaru
Qazlal
Sif Muna
Trog
Xom
Yredelemnul
The Shining One
Beogh
Jiyva

Shops:
D:8 ?   D:14 =   Orc:2 :([(   Shoals:2 %

Portals:
Trove: D:15 (show slimy rune of Zot)

Annotations:
D:4 1 runed door, SaintSock's ghost, novice DEWz
D:9 exclusion: ice statue
Lair:3 exclusion: 4 oklob plants


Innate Abilities, Weirdness & Mutations

You reflexively headbutt those who attack you in melee.
You have a pair of horns on your head.


Message History

You feel magically purged.
You feel a little less clever now.
You feel you are being watched by something.
You feel your power leaking away. Something hits you but does no damage.
Something hits you.
* * * LOW HITPOINT WARNING * * *
Something stings you but does no damage.
Something hits you.
* * * LOW HITPOINT WARNING * * *
You block something's attack. x2
You feel better.
You feel you are being watched by something.
You block something's attack. Something hits you but does no damage.
Something stings you.
* * * LOW HITPOINT WARNING * * *
You are lethally poisoned!
Something poisons you!
You feel you are being watched by something.
Something hits you.
You die...

####.........####
#...............# #####
#.^............^########..^.
######...†.##......#.##.....
#....†.#.^.....^..###...
#.......................
#^.##.)...##..#......###
#..##.....^#.##...##..##
#####..@..######..###.#†
###...### #### #...
#.......# ##.. ###......##
##. ######### #..#......# #.
....##..####.........## #.
...#....##............# ###
..............^....^.## #..
................^.....##
###.


There were no monsters in sight!

Vanquished Creatures
  Arachne (Spider:2)
  Polyphemus (Shoals:2)
  Ilsuiw (Shoals:2)
  An orc warlord (Orc:1)
  4 emperor scorpions
  Louise (Spider:3)
  6 ghost moths
  3 entropy weavers
  Azrael (Spider:3)
  The ghost of burekbajo the Basher, a journeyman MiFi of the Shining One (D:13)
  4 spark wasps
  Snorg (Lair:6)
  7 merfolk javelineers
  6 merfolk impalers
  5 hydras
  Harold (D:11)
  A catoblepas (Shoals:1)
  Erica (D:8)
  4 satyrs (Shoals:4)
  An alligator snapping turtle (Shoals:4)
  7 centaur warriors
  11 two-headed ogres
  10 death yaks
  3 merfolk avatars
  A death knight (D:12)
  3 ogre magi
  3 merfolk aquamancers
  An orc high priest (Orc:2)
  A deep elf knight (D:15)
  A fire crab (shapeshifter) (D:15)
  Sonja (Lair:6)
  13 sea snakes
  A flayed ghost (D:14)
  A skeletal warrior (D:13)
  An unseen horror (D:10)
  A wizard (D:15)
  Pikel (D:5)
  13 harpies
  2 orc knights
  12 orb spiders
  4 ugly things
  3 orc sorcerers (Orc:1)
  24 wolf spiders
  3 deep elf magi (D:12)
  9 manticores
  A centaur zombie (D:12)
  3 moths of wrath
  4 cyclopes
  6 black mambas
  16 fauns
  A guardian serpent (shapeshifter) (D:12)
  Maurice (D:8)
  11 elephants
  A gargoyle (D:14)
  9 merfolk sirens
  3 torpor snails
  7 water nymphs
  4 kobold demonologists
  3 yaktaurs (D:13)
  21 spiny frogs
  An efreet (D:15)
  2 rime drakes
  4 freezing wraiths
  12 demonic crawlers
  7 komodo dragons
  26 jumping spiders
  A queen bee (shapeshifter) (D:15)
  A harpy zombie (D:15)
  3 wind drakes
  8 trolls
  A meliai (shapeshifter) (D:15)
  46 merfolk
  A merfolk (shapeshifter) (D:15)
  22 hornets
  A wind drake (shapeshifter) (D:13)
  2 tyrant leeches
  7 snapping turtles
  6 slime creatures
  2 dream sheep (Shoals:1)
  9 hippogriffs
  25 blink frogs
  31 tarantellas
  62 redbacks
  15 yaks
  6 water elementals
  A vampire (D:15)
  4 fire elementals (Spider:3)
  3 wyverns
  4 basilisks
  4 wraiths
  12 vampire mosquitoes
  A steam dragon (D:8)
  Grum (D:8)
  2 hungry ghosts
  Edmund (D:6)
  2 acid dragons
  5 wargs
  2 soldier ants
  15 water moccasins
  A swamp drake (D:10)
  3 hell hounds (Spider:3)
  39 orc warriors
  8 porcupines
  6 sky beasts
  A slave (D:5)
  6 ice beasts
  15 wolves
  16 ogres
  4 phantoms
  4 boggarts (D:15)
  14 centaurs
  14 crocodiles
  3 big kobolds
  A wyvern zombie (D:15)
  28 bullfrogs
  A wyvern skeleton (D:10)
  3 scorpions
  17 killer bees
  8 electric eels
  8 wights
  2 howler monkeys
  2 quasits
  2 bullfrog zombies (D:12)
  6 crimson imps
  10 hounds
  3 jellies
  32 orc wizards
  7 centaur skeletons
  4 bullfrog skeletons
  19 orc priests
  7 iguanas
  10 worker ants
  A hound zombie (D:6)
  2 hound skeletons
  3 howler monkey zombies
  2 worker ant zombies
  6 gnolls
  10 adders
  A shadow imp (D:10)
  An ooze (D:4)
  2 adder skeletons
  6 worms
  4 dart slugs
  6 leopard geckos
  115 orcs
  4 ball pythons
  10 bats
  6 giant cockroaches
  14 goblins
  8 hobgoblins
  6 jackals
  4 quokkas
  5 frilled lizards
  3 jackal skeletons (D:4)
  8 kobolds
  2 leopard gecko skeletons
  2 leopard gecko zombies
  12 rats
  4 plants (Shoals:4)
1181 creatures vanquished.

Vanquished Creatures (others)
  Nessos (Lair:4)
  A merfolk javelineer (Shoals:4)
  A centaur warrior (D:15)
  A satyr (Shoals:4)
  A faun (Shoals:4)
  A manticore (D:15)
  A cyclops (D:14)
  A rime drake (Lair:4)
  2 yaktaurs (D:13)
  A merfolk (Shoals:4)
  5 centaurs
  A wight (D:12)
  An orc wizard (D:4)
  An orc (D:11)
  A kobold (D:13)
  9 fungi
  123 plants
  A withered plant (D:4)
153 creatures vanquished.

Grand Total: 1334 creatures vanquished

Notes
Turn   | Place    | Note
-------+----------+-------------------------------------------
     0 | D:1      | monitor4703 the Minotaur Fighter began the quest for the
                  | Orb.
     0 | D:1      | Reached XP level 1. HP: 19/19 MP: 0/0
   277 | D:1      | Reached XP level 2. HP: 27/27 MP: 1/1
   518 | D:1      | Reached skill level 4 in Fighting
   658 | D:1      | Reached XP level 3. HP: 33/33 MP: 2/2
   975 | D:2      | Found a snail-covered altar of Cheibriados.
  1273 | D:2      | Reached XP level 4. HP: 40/40 MP: 3/3
  1970 | D:3      | Reached XP level 5. HP: 47/47 MP: 4/4
  2235 | D:3      | Found a hazy altar of Hepliaklqana.
  2461 | D:4      | Reached skill level 5 in Fighting
  2564 | D:4      | Reached skill level 5 in Armour
  2564 | D:4      | Reached XP level 6. HP: 49/56 MP: 5/5
  2571 | D:4      | Found a blossoming altar of Fedhas.
  2578 | D:4      | Found an iron altar of Okawaru.
  2578 | D:4      | Found a basalt altar of Yredelemnul.
  2583 | D:4      | Became a worshipper of Warmaster Okawaru
  2623 | D:4      | Reached skill level 5 in Shields
  2974 | D:4      | Found a runed door.
  2974 | D:4      | Noticed SaintSock's ghost (novice DEWz)
  3128 | D:5      | Entered Level 5 of the Dungeon
  3136 | D:5      | Reached skill level 6 in Fighting
  3204 | D:5      | Noticed a sky beast
  3306 | D:5      | Reached XP level 7. HP: 60/63 MP: 6/6
  3335 | D:5      | Found a sparkling altar of Nemelex Xobeh.
  3370 | D:5      | Reached skill level 5 in Polearms
  3419 | D:5      | Reached * piety under Okawaru
  3770 | D:5      | Found a shimmering altar of Xom.
  3776 | D:5      | Found a white marble altar of Elyvilon.
  3779 | D:5      | Reached skill level 7 in Fighting
  3872 | D:5      | Found a staircase to the Ecumenical Temple.
  4080 | D:5      | Found an opulent altar of Gozag.
  4080 | D:5      | Found a bloodstained altar of Trog.
  4226 | D:6      | Reached XP level 8. HP: 73/73 MP: 7/7
  4342 | D:6      | Found a sparkling altar of Nemelex Xobeh.
  4342 | D:6      | Noticed Edmund
  4378 | D:6      | Killed Edmund
  4378 | D:6      | Reached ** piety under Okawaru
  4378 | D:6      | Reached skill level 8 in Fighting
  4783 | D:6      | Noticed Pikel
  4905 | D:5      | Killed Pikel
  5484 | D:6      | Found a bloodstained altar of Trog.
  5795 | D:7      | Reached skill level 9 in Fighting
  5795 | D:7      | Reached XP level 9. HP: 83/83 MP: 8/8
  6304 | D:7      | Found a glowing golden altar of the Shining One.
  6680 | D:7      | Reached *** piety under Okawaru
  6768 | D:8      | Found a stormy altar of Qazlal.
  7115 | D:8      | Noticed Grum
  7163 | D:8      | Killed Grum
  7357 | D:8      | Found Kiutset's Magic Scroll Shoppe.
  7365 | D:8      | Bought a scroll of magic mapping for 49 gold pieces
  7442 | D:8      | Noticed Maurice
  7534 | D:8      | Killed Maurice
  7534 | D:8      | Reached skill level 10 in Shields
  7601 | D:8      | Noticed Erica
  7608 | D:8      | Killed Erica
  7608 | D:8      | Reached **** piety under Okawaru
  7608 | D:8      | Reached skill level 10 in Fighting
  7608 | D:8      | Reached XP level 10. HP: 93/93 MP: 9/9
  8191 | D:9      | Noticed a two-headed ogre
  8242 | D:8      | Killed a two-headed ogre
  8513 | D:9      | Noticed a two-headed ogre
  8526 | D:9      | Killed a two-headed ogre
  8526 | D:9      | Reached ***** piety under Okawaru
  8581 | D:9      | Reached skill level 11 in Fighting
  8935 | D:9      | Found a staircase to the Lair.
  9014 | D:9      | Noticed an ice statue
  9387 | D:10     | Entered Level 10 of the Dungeon
  9496 | D:10     | Reached skill level 10 in Polearms
 10199 | D:10     | Reached XP level 11. HP: 102/102 MP: 10/10
 10253 | D:10     | Killed an unseen horror
 10253 | D:10     | Received a gift from Okawaru
 10476 | D:11     | Noticed a two-headed ogre
 10491 | D:11     | Killed a two-headed ogre
 10616 | D:11     | Noticed Harold
 10630 | D:11     | Killed Harold
 11124 | D:11     | Noticed a two-headed ogre
 11143 | D:11     | Killed a two-headed ogre
 11440 | D:11     | Reached skill level 12 in Fighting
 11586 | D:11     | Found a staircase to the Orcish Mines.
 11673 | Lair:1   | Entered Level 1 of the Lair of Beasts
 12025 | Lair:1   | Noticed a five-headed hydra
 12215 | D:9      | Killed a five-headed hydra
 12631 | Lair:2   | Noticed an eight-headed hydra
 13218 | D:12     | Found a runed door.
 13228 | D:12     | Noticed a brown ugly thing
 13263 | D:12     | Killed a brown ugly thing
 13314 | D:12     | Noticed a deep elf mage
 13484 | D:12     | Noticed a deep elf mage
 13511 | D:12     | Killed a deep elf mage
 13565 | D:12     | Killed a deep elf mage
 13629 | D:12     | Noticed a two-headed ogre
 13639 | D:12     | Killed a two-headed ogre
 13639 | D:12     | Received a gift from Okawaru
 13639 | D:12     | Reached XP level 12. HP: 103/113 MP: 11/11
 13670 | D:12     | Found a runed door.
 13720 | D:12     | Noticed a two-headed ogre
 13738 | D:12     | Killed a two-headed ogre
 13738 | D:12     | Reached skill level 13 in Fighting
 13742 | D:12     | Reached skill level 10 in Armour
 13751 | D:12     | Noticed a death knight
 13780 | D:12     | Killed a death knight
 14139 | D:12     | Noticed an ogre mage
 14155 | D:12     | Killed an ogre mage
 14155 | D:12     | Received a gift from Okawaru
 14168 | D:12     | Received a gift from Okawaru
 14323 | D:13     | Noticed a two-headed ogre
 14340 | D:12     | Killed a two-headed ogre
 14460 | Lair:1   | Killed an eight-headed hydra
 14460 | Lair:1   | Reached skill level 14 in Fighting
 14507 | Lair:2   | Reached skill level 15 in Shields
 15168 | Lair:2   | Received a gift from Okawaru
 15382 | Lair:2   | Found a staircase to the Shoals.
 15579 | Lair:3   | Reached XP level 13. HP: 125/125 MP: 12/12
 16203 | Lair:3   | Found a hole to the Spider Nest.
 16221 | Lair:3   | Reached skill level 15 in Fighting
 17106 | Lair:4   | Noticed Nessos
 17113 | Lair:4   | Killed Nessos
 17484 | Lair:3   | Reached skill level 16 in Fighting
 17486 | Lair:3   | HP: 9/192 [death yak (12)]
 17490 | Lair:3   | Reached ****** piety under Okawaru
 18055 | Lair:4   | Found a burning altar of Makhleb.
 18085 | Lair:4   | Received a gift from Okawaru
 18086 | Lair:4   | Got a brightly glowing scale mail {god gift}
 18579 | Lair:5   | Reached skill level 17 in Fighting
 18699 | Lair:5   | Found a viscous altar of Jiyva.
 18699 | Lair:5   | Found a staircase to the Slime Pits.
 18987 | Lair:5   | Reached XP level 14. HP: 126/140 MP: 13/13
 19403 | Lair:6   | Entered Level 6 of the Lair of Beasts
 19509 | Lair:6   | Reached skill level 18 in Fighting
 19510 | Lair:6   | Noticed Snorg
 19749 | Lair:6   | Killed Snorg
 19855 | Lair:6   | Got a clouded ruby amulet
 19917 | Lair:6   | Received a gift from Okawaru
 19926 | Lair:6   | Got a transparent double sword {god gift}
 20223 | Lair:1   | Identified the amulet "Cauri" {RegenMP rC+} (You found it
                  | on level 6 of the Lair of Beasts)
 20475 | Lair:6   | Noticed Sonja
 20642 | Lair:5   | Reached skill level 19 in Fighting
 20667 | Lair:6   | Killed Sonja
 21048 | Lair:6   | Received a gift from Okawaru
 21625 | Orc:1    | Entered Level 1 of the Orcish Mines
 21911 | Orc:2    | Entered Level 2 of the Orcish Mines
 22188 | Orc:2    | Found a roughly hewn altar of Beogh.
 22204 | Orc:2    | Found Nuohy's Book Emporium.
 22304 | Orc:2    | Reached skill level 1 in Invocations
 22382 | Orc:2    | Found a roughly hewn altar of Beogh.
 22433 | Orc:2    | Found a staircase to the Elven Halls.
 22483 | Orc:2    | Reached skill level 20 in Fighting
 22884 | Orc:2    | Found a roughly hewn altar of Beogh.
 23014 | Orc:2    | Noticed an orc warlord
 23041 | Orc:2    | Paralysed by an orc sorcerer for 6 turns
 23069 | Orc:1    | Received a gift from Okawaru
 23312 | Orc:1    | Killed an orc warlord
 23551 | Orc:2    | Found Yrghauhy's Antique Weapon Shop.
 23552 | Orc:2    | Found a roughly hewn altar of Beogh.
 23553 | Orc:2    | Found Cedyischo's Antique Armour Boutique.
 23636 | Orc:2    | Found a roughly hewn altar of Beogh.
 23652 | Orc:2    | Found Kybos's Antique Weapon Shop.
 24139 | D:13     | Reached XP level 15. HP: 141/155 MP: 17/17
 24459 | D:13     | Found a shimmering altar of Xom.
 24561 | D:13     | Found a gate to the Vaults.
 24607 | D:13     | Identified the Disquisition on Poisoning
 24632 | D:13     | Reached skill level 5 in Invocations
 24764 | D:13     | Found a runed gate.
 24764 | D:13     | Found a runed gate.
 24765 | D:13     | Found a runed gate.
 24767 | D:13     | Noticed burekbajo's ghost (journeyman MiFi)
 24820 | D:13     | Killed burekbajo's ghost
 24871 | D:14     | Found a shadowy altar of Dithmenos.
 25294 | D:14     | Found a deep blue altar of Sif Muna.
 25454 | D:14     | Found Vevafeshraurr's Jewellery Shoppe.
 25690 | D:15     | Entered Level 15 of the Dungeon
 25880 | D:14     | Received a gift from Okawaru
 26385 | D:15     | Found a portal to a secret trove of treasure.
 26654 | D:15     | Found a staircase to the Depths.
 26888 | D:15     | Reached skill level 21 in Fighting
 27419 | Shoals:1 | Entered Level 1 of the Shoals
 27773 | Shoals:1 | Received a gift from Okawaru
 27915 | Shoals:1 | Reached XP level 16. HP: 162/167 MP: 20/20
 27929 | Shoals:1 | Reached skill level 1 in Evocations
 29080 | Shoals:2 | Noticed Ilsuiw
 29268 | Shoals:1 | Received a gift from Okawaru
 29359 | Shoals:2 | Found the +8 Wrath of Trog {antimagic, *Rage}
 29855 | Shoals:2 | Killed Ilsuiw
 30488 | Shoals:1 | Received a gift from Okawaru
 30504 | Shoals:1 | Got an ancient hat {god gift}
 30837 | Shoals:1 | Identified the +1 hat "Myreg" {Str+3 Int+9} (Okawaru gifted
                  | it to you on level 1 of the Shoals)
 31040 | Shoals:2 | Reached skill level 5 in Evocations
 31073 | Shoals:2 | Found Fazareb's Food Shop.
 31244 | Shoals:2 | Noticed Polyphemus
 31278 | Shoals:2 | Killed Polyphemus
 32046 | Shoals:4 | Entered Level 4 of the Shoals
 32486 | Shoals:4 | Reached skill level 22 in Fighting
 33270 | Shoals:4 | Received a gift from Okawaru
 33515 | Shoals:4 | Found the +8 demon blade "Bloodbane" {slice, *Rage +Rage
                  | Stlth-}
 33673 | Shoals:4 | Reached XP level 17. HP: 169/176 MP: 21/21
 34891 | Shoals:4 | Got a barnacled rune of Zot
 35561 | Lair:1   | Identified a scroll of acquirement
 35655 | Spider:1 | Entered Level 1 of the Spider Nest
 37923 | Spider:3 | Noticed Arachne
 38519 | Spider:2 | Killed Arachne
 38998 | Spider:3 | Noticed Louise
 39019 | Spider:3 | Killed Louise
 39019 | Spider:3 | Received a gift from Okawaru
 39123 | Spider:3 | Reached skill level 15 in Polearms
 39174 | Spider:3 | Noticed Azrael
 39200 | Spider:3 | Killed Azrael
 39860 | Spider:4 | Entered Level 4 of the Spider Nest
 39976 | Spider:4 | Reached skill level 23 in Fighting
 40004 | Spider:4 | Reached XP level 18. HP: 153/188 MP: 0/22
 41078 | Spider:4 | Received a gift from Okawaru
 41805 | Spider:4 | Lost intelligence.
 41820 | Spider:4 | HP: 5/188 [something (6)]
 41821 | Spider:4 | Slain by a ghost moth

Skill      XL: |  1  2  3  4  5  6  7  8  9 10 11 12 13 14 15 16 17 18 |
---------------+-------------------------------------------------------+-----
Armour         | 4 5 6 7 9 10 | 10.0
Shields        | 4 5 6 8 10 12 13 15 17 18 20 21 | 21.4
Fighting       | 4 5 6 7 9 10 11 12 14 17 20 21 22 23 | 23.3
Polearms       | 3 4 5 7 8 10 11 13 14 15 | 15.7
Invocations    | 4 7 |  7.0
Evocations     | 5 |  5.5

Action                   |  1- 3 |  4- 6 |  7- 9 | 10-12 | 13-15 | 16-18 || total
-------------------------+-------+-------+-------+-------+-------+-------++-------
Melee: Trident           |   100 |   200 |   353 |   724 |   746 |       ||  2123
       Headbutt          |    12 |    37 |    71 |   214 |   355 |   288 ||   977
       Unarmed           |       |       |       |   188 |       |       ||   188
       Spear             |       |       |       |    16 |       |       ||    16
       Demon trident     |       |       |       |       |   936 |  1524 ||  2460
Invok: Heroism           |       |       |     5 |    27 |    26 |    24 ||    82
       Finesse           |       |       |       |       |     1 |     4 ||     5
Evoke: Wand              |       |       |       |     2 |     2 |     4 ||     8
  Use: Scroll            |       |     3 |    10 |     5 |     7 |    11 ||    36
       Potion            |       |       |       |     1 |     4 |    12 ||    17
 Stab: Distracted        |       |       |       |       |       |     1 ||     1
  Eat: Chunk             |     1 |     6 |     8 |    22 |    34 |    25 ||    96
       Ration            |       |       |     2 |     2 |     2 |     6 ||    12
Armor: Scale mail        |    21 |    58 |    76 |       |       |       ||   155
       Plate armour      |       |       |    26 |   356 |   313 |   460 ||  1155
       Skin              |       |       |       |       |    22 |    96 ||   118
Dodge: Dodged            |    15 |    53 |    81 |   176 |   168 |   178 ||   671
Block: Shield            |    21 |    66 |   226 |   750 |   654 |       ||  1717
       Reflection        |       |       |     1 |    19 |   101 |   171 ||   292
       Large shield      |       |       |       |       |   555 |  1594 ||  2149
